 Dungeon Crawl Stone Soup version 0.30.0-29-ga12c61a403 (webtiles) character file.

Game seed: 3115608960036005245

2414 Chilbo the Zephyrmancer (level 9, -17/74 HPs)
             Began as a White Draconian Cinder Acolyte on June 10, 2023.
             Was a High Priest of Ignis.
             Demolished by a komodo dragon (25 damage)
             ... on level 6 of the Dungeon.
             The game lasted 00:39:37 (6642 turns).

Chilbo the Zephyrmancer (DrCA)                      Turns: 6642, Time: 00:39:38

Health: -17/74     AC: 10    Str: 23    XL:     9   Next: 23%
Magic:  8/10       EV: 11    Int: 16    God:    Ignis [*****.]
Gold:   206        SH:  0    Dex: 12    Spells: 7/10 levels left

rFire   + . .        u - +0 hand axe "Zorhuff" {freeze, Will- rCorr Dex+3 Stlth+}
rCold   + . .        (no shield)
rNeg    . . .        (body armour unavailable)
rPois   .            (helmet restricted)
rElec   .            h - +0 cloak
rCorr   +            (no gloves)
SInv    .            e - +1 pair of boots
Will    .....        (no amulet)
Stlth   ++           m - +4 ring of slaying
HPRegen 0.32/turn    s - +6 ring of strength
MPRegen 0.12/turn

%: no passive effects
@: short of breath
A: breathe frost, AC +7, unfitting armour, cold resistance 1, cold-blooded
a: Breathe Frost, Renounce Religion, Fiery Armour, Foxfire Swarm, Rising Flame


You were on level 6 of the Dungeon.
You worshipped Ignis.
Ignis was extremely pleased with you.
You visited 1 branch of the dungeon, and saw 6 of its levels.

You collected 356 gold pieces.
You spent 150 gold pieces at shops.

Inventory:

Hand Weapons
 a - a -1 spear of flaming
 q - a +2 hammer of venom
 u - the +0 hand axe "Zorhuff" (weapon) {freeze, Will- rCorr Dex+3 Stlth+}
   (You found it on level 3 of the Dungeon)

   Dex:       It affects your dexterity (+3).
   rCorr:     It protects you from acid and corrosion.
   Will:      It decreases your willpower.
   Stlth:     It makes you more stealthy.
Missiles
 k - 11 poisoned darts
 w - a throwing net
Armour
 e - a +1 pair of boots (worn)
 h - a +0 cloak (worn)
Jewellery
 m - a +4 ring of slaying (left hand)
 n - an amulet of guardian spirit
 s - a +6 ring of strength (right hand)
 v - a ring of resist corrosion
Wands
 c - a wand of iceblast (12)
 d - a wand of mindburst (3)
Scrolls
 b - 5 scrolls of magic mapping
 g - 2 scrolls of enchant armour
 i - 2 scrolls of fear {unknown}
 j - a scroll of blinking {unknown}
 x - a scroll of brand weapon
 y - a scroll of enchant weapon {unknown}
 A - a scroll of immolation {unknown}
 C - 2 scrolls of vulnerability {unknown}
 E - 2 scrolls of identify
 F - a scroll of teleportation
Potions
 f - a potion of brilliance {unknown}
 l - 7 potions of curing
 o - a potion of mutation
 p - 2 potions of haste {unknown}
 r - a potion of ambrosia
 t - a potion of cancellation
 z - a potion of invisibility {unknown}
 B - 2 potions of might {unknown}
 D - a potion of heal wounds {unknown}


   Skills:
 - Level 5.5 Fighting
 - Level 2.1(4.3) Axes
 - Level 5.8(6.0) Polearms
 - Level 1.0 Spellcasting
 - Level 3.3 Fire Magic
 - Level 2.1 Ice Magic
 + Level 9.7 Air Magic


You had 7 spell levels left.
You knew the following spells:

 Your Spells              Type           Power      Damage    Failure   Level
a - Scorch                Fire           22%        2d5       9%          2
b - Shock                 Conj/Air       64%        1d7       3%          1

Your spell library contained the following spells:

 Spells                   Type           Power      Damage    Failure   Level
 Swiftness                Air            32%        N/A       1%          3
 Airstrike                Air            16%        2d(3-19)  4%          4
 Blink                    Tloc           0%         N/A       34%         2
 Volatile Blastmotes      Fire/Tloc      12%        2d11      34%         3
 Portal Projectile        Hex/Tloc       0%         N/A       56%         3
 Teleport Other           Tloc           0%         N/A       56%         3
 Fulminant Prism          Conj/Hex       0%         3d5       92%         4
 Iskenderun's Mystic Bla  Conj/Tloc      0%         2d3       92%         4
 Lee's Rapid Deconstruct  Erth           0%         3d4*      99%         5


Dungeon Overview and Level Annotations

Branches:
Dungeon (6/15)             Temple (0/1) D:5

Altars:
Hepliaklqana
Makhleb
Nemelex Xobeh
Okawaru
Sif Muna
Vehumet
Wu Jian

Shops:
D:4 *

Annotations:
D:2 Sigmund
D:5 1 runed translucent door, PerfectTommy's ghost, amateur GnCA


Innate Abilities, Weirdness & Mutations

You can breathe waves of freezing cold which knock back foes.
Your icy white scales are hard. (AC +7)
You cannot fit into any form of body armour.
Your flesh is cold resistant. (rC+)
You are cold-blooded and may be slowed by cold attacks.


Message History

You closely miss the killer bee.
The killer bee stings you but does no damage.
The killer bee closely misses you. The komodo dragon bites you!
The killer bee stings you but does no damage.
The killer bee stings you.
* * * LOW HITPOINT WARNING * * *
The killer bee closely misses you. The killer bee stings you.
* * * LOW HITPOINT WARNING * * *
You closely miss the killer bee.
Your tail-slap misses the killer bee.
The killer bee stings you.
* * * LOW HITPOINT WARNING * * *
The killer bee closely misses you. The komodo dragon closely misses you.
Aiming: Breathe Frost (4% risk of failure)
Press: ? - help, Shift-Dir - straight line, f - komodo dragon, p - killer bee
Aim: a komodo dragon (heavily wounded, 77% to hit)
You exhale a wave of freezing cold.
The freezing breath hits the komodo dragon!
The komodo dragon is severely wounded.
The komodo dragon is knocked back by the freezing wind.
The freezing breath hits the komodo dragon!
The komodo dragon is almost dead.
The komodo dragon is knocked back by the freezing wind.
The killer bee closely misses you.
The killer bee stings you but does no damage.
Unknown command.
You hit the killer bee. You freeze the killer bee.
The killer bee is heavily wounded.
The killer bee stings you but does no damage.
The killer bee stings you.
* * * LOW HITPOINT WARNING * * *
You miss the killer bee.
Your tail-slap misses the killer bee.
The killer bee is heavily wounded.
The killer bee stings you but does no damage. x2
You slash the killer bee! You freeze the killer bee.
You kill the killer bee!
The komodo dragon bites you!
* * * LOW HITPOINT WARNING * * *
The komodo dragon bites you!!
You die...

#............
#....####....
########..########.
#!.y'..#.†#..†)..#.
#$[?#..#†.#..#†8.#.
#(.!#..#..#..#...#.
#####..#..#..#####.
#......#..#......#.
#.@....#..#......#.
#l.#####..#####..#.
#......#..#......#.
#......#..#......#.
#####..#..#..#####.
#......#..#......#.
#......#..#......##
#..#####..#####..#
#......#..#......#


You could see a komodo dragon.

Vanquished Creatures
  2 water moccasins
  4 ice beasts
  4 black bears
  2 sky beasts (D:6)
  A kobold brigand (D:6)
  A gnoll sergeant (D:6)
  4 scorpions
  A killer bee (D:6)
  A howler monkey (D:4)
  4 jellies
  3 hounds (D:6)
  Crazy Yiuf (D:3)
  A gnoll bouda (D:6)
  2 orc priests (D:5)
  3 sleepcaps (D:5)
  2 iguanas
  An orc wizard (D:4)
  Ijyb (D:3)
  9 gnolls
  10 adders
  2 worms
  3 dart slugs
  17 orcs
  4 ball pythons
  15 endoplasms
  7 giant cockroaches
  7 goblins
  13 hobgoblins
  5 jackals
  13 kobolds
  6 quokkas
  4 bats
  3 frilled lizards
  12 rats
168 creatures vanquished.

Notes
Turn   | Place    | Note
-------+----------+-------------------------------------------
     0 | D:1      | Chilbo the Draconian Cinder Acolyte began the quest for the
                  | Orb.
     0 | D:1      | Reached XP level 1. HP: 19/19 MP: 2/2
   121 | D:1      | Reached XP level 2. HP: 26/26 MP: 3/3
   248 | D:1      | Learned a level 2 spell: Scorch
   477 | D:1      | Reached XP level 3. HP: 4/33 MP: 1/4
  1123 | D:2      | Noticed Sigmund
  1578 | D:3      | Reached XP level 4. HP: 40/40 MP: 0/5
  1649 | D:3      | Reached XP level 5. HP: 43/47 MP: 2/6
  1769 | D:3      | Found a radiant altar of Vehumet.
  1785 | D:3      | Found a faded altar of an unknown god.
  1882 | D:3      | Reached skill level 5 in Polearms
  1902 | D:3      | Noticed Ijyb
  2284 | D:2      | Got the Volume of the Wayfarer
  2686 | D:3      | Identified the +0 hand axe "Zorhuff" {freeze, Will- rCorr
                  | Dex+3 Stlth+}
  2789 | D:4      | Reached XP level 6. HP: 49/55 MP: 7/7
  2908 | D:4      | Reached skill level 5 in Fighting
  3018 | D:4      | Found Menomoju's General Store.
  3026 | D:4      | Bought a potion of curing for 36 gold pieces
  3026 | D:4      | Bought a scroll of brand weapon for 114 gold pieces
  3308 | D:3      | Found a runed translucent door.
  3309 | D:3      | Noticed Crazy Yiuf
  3317 | D:3      | Killed Crazy Yiuf
  3592 | D:3      | Killed Ijyb
  3980 | D:4      | Reached skill level 1 in Axes
  4230 | D:5      | Entered Level 5 of the Dungeon
  4327 | D:5      | Your scales start taking on an icy white colour.
  4327 | D:5      | Reached XP level 7. HP: 61/61 MP: 8/8
  4327 | D:5      | Gained mutation: Your flesh is cold resistant. (rC+) [White
                  | Draconian growth]
  4392 | D:5      | Reached skill level 1 in Air Magic
  4395 | D:5      | Found a shimmering blue altar of Sif Muna.
  4415 | D:5      | Reached skill level 2 in Air Magic
  4426 | D:5      | Learned a level 1 spell: Shock
  4444 | D:5      | Reached skill level 3 in Air Magic
  4533 | D:5      | Found an ornate altar of the Wu Jian Council.
  4536 | D:5      | Found an iron altar of Okawaru.
  4541 | D:5      | Found a sparkling altar of Nemelex Xobeh.
  4643 | D:5      | Found a staircase to the Ecumenical Temple.
  4645 | D:5      | Found a runed translucent door.
  4648 | D:5      | Noticed PerfectTommy's ghost (amateur GnCA)
  4669 | D:5      | Reached skill level 4 in Air Magic
  4803 | D:5      | Found a hazy altar of Hepliaklqana.
  5377 | D:6      | Reached XP level 8. HP: 46/69 MP: 9/9
  5383 | D:6      | Reached skill level 5 in Air Magic
  5958 | D:6      | Found a burning altar of Makhleb.
  6061 | D:6      | Reached skill level 6 in Air Magic
  6224 | D:6      | Reached skill level 7 in Air Magic
  6423 | D:6      | Reached skill level 8 in Air Magic
  6462 | D:6      | Reached XP level 9. HP: 58/74 MP: 10/10
  6477 | D:6      | Reached skill level 9 in Air Magic
  6622 | D:6      | Noticed a komodo dragon
  6642 | D:6      | Demolished by a komodo dragon

Illustrated notes

Levels and vault maps discovered:
D:1:      eino_arrival_druids_welcome, layout_basic
D:2:      minmay_spotlight, layout_basic, uniq_sigmund
D:3:      cheibrodos_fertilizer, layout_basic, lemuel_tele_altar,
          chequers_ecumenical_altar_twisty, uniq_crazy_yiuf_cottage, uniq_ijyb
D:4:      layout_layer_cave, serial_shops, shop
D:5:      layout_basic, nicolae_overflow_crystal_walls, minitemple,
          mainiacjoe_overflow_cross_hatched, minmay_temple_entry_trees,
          hellmonk_ghost_happy_afterlife, nicolae_figureground_pulse
D:6:      kennysheep_windowed_halls, layout_rooms, lightli_temple_of_fire

Skill      XL: |  1  2  3  4  5  6  7  8  9 |
---------------+----------------------------+-----
Fighting       | 4 5 |  5.5
Polearms       | 4 5 |  5.8
Fire Magic     | 3 |  3.3
Axes           | 2 |  2.1
Ice Magic      | 2 |  2.1
Air Magic      | 4 8 9 |  9.7
Spellcasting   | |  1.0

Action                     |  1- 3 |  4- 6 |  7- 9 || total
---------------------------+-------+-------+-------++-------
  Melee: Spear             |   141 |   148 |       ||   289
         Tailslap          |     9 |    14 |    36 ||    59
         Hand axe          |       |    31 |   192 ||   223
         Punch             |       |     1 |     1 ||     2
   Cast: Scorch            |    10 |    15 |     5 ||    30
         Shock             |       |       |     1 ||     1
Ability: Breathe Frost     |       |       |    13 ||    13
    Use: Potion            |     1 |       |     2 ||     3
         Scroll            |     3 |     3 |     2 ||     8
   Stab: Sleeping          |       |       |     4 ||     4
         Distracted        |       |       |     1 ||     1
 Armour: Skin              |    40 |    51 |   105 ||   196
  Dodge: Dodged            |    68 |    57 |   127 ||   252
